 Dungeon Crawl Stone Soup version 0.31.0-1-g2c135a0 (webtiles) character file.

Game seed: 18326554018686209235

112 samcosmo the Apothecary (level 4, -2/25 HPs)
             Began as a Deep Elf Alchemist on Mar 14, 2024.
             Slain by a hobgoblin
             ... wielding a +0 rapier
             ... led by Robin
              (4 damage)
             ... on level 2 of the Dungeon.
             The game lasted 00:04:51 (1962 turns).

samcosmo the Apothecary (Deep Elf Alchemist)        Turns: 1962, Time: 00:04:51

Health: -2/25      AC:  3    Str:  5    XL:     4   Next: 64%
Magic:  11/12      EV: 14    Int: 22    God:
Gold:   81         SH:  0    Dex: 21    Spells: 1/11 levels left

rFire   . . .        (no weapon)
rCold   . . .        (no shield)
rNeg    . . .        a - +0 robe
rPois   .            (no helmet)
rElec   .            (no cloak)
rCorr   .            (no gloves)
SInv    .            d - +0 pair of boots
Will    .....        (no amulet)
Stlth   ++           e - +6 ring of dexterity
HPRegen 0.24/turn    (no ring)
MPRegen 0.13/turn

%: no passive effects
@: no status effects
A: no striking features
a: no special abilities


You were on level 2 of the Dungeon.
You visited 1 branch of the dungeon, and saw 2 of its levels.

You collected 81 gold pieces.

Inventory:

Armour
 a - a +0 robe (worn)
 d - a +0 pair of boots (worn)
Jewellery
 e - a +6 ring of dexterity (left hand)
Scrolls
 c - a scroll of fear
 f - a scroll of torment {unknown}
 i - a scroll of teleportation {unknown}
Potions
 b - a potion of magic
 g - a potion of lignification {unknown}
 h - a potion of attraction {unknown}


   Skills:
 + Level 1.3 Fighting
 + Level 3.3 Dodging
 - Level 2.4 Stealth
 + Level 4.0 Spellcasting
 - Level 1.1 Conjurations
 * Level 4.5 Alchemy


You had one spell level left.
You knew the following spells:

 Your Spells              Type           Power      Damage    Failure   Level
a - Sting                 Conj/Alch      64%        1d7       3%          1
b - Mercury Vapours       Alch/Air       28%        N/A       7%          2
c - Mephitic Cloud        Conj/Alch/Air  12%        N/A       16%         3
d - Sticky Flame          Fire/Alch      14%        2d5       41%         4

Your spell library contained the following spells:

 Spells                   Type           Power      Damage    Failure   Level
 Olgreb's Toxic Radiance  Alch           24%        N/A       17%         4


Dungeon Overview and Level Annotations

Branches:
Dungeon (2/15)

Altars:


Message History

You hit the hobgoblin but do no damage. The hobgoblin hits you.
Casting: Sting (safe; 3% risk of failure)
Confirm with . or Enter, or press ? or * to list all spells.
Aiming: Sting (safe; 3% risk of failure)
Press: ? - help, Shift-Dir - straight line, f/p - hobgoblin
Aim: a hobgoblin (74% to hit)
The sting hits the hobgoblin.
The hobgoblin is poisoned.
The hobgoblin is almost dead.
You kill the hobgoblin!
Unknown command.
You barely miss the hobgoblin. The hobgoblin barely misses you.
You hit the hobgoblin but do no damage.
The hobgoblin hits you with a +0 rapier!
* * * LOW HITPOINT WARNING * * *
The hobgoblin attacks as it pursues you!
The hobgoblin hits you with a +0 rapier.
* * * LOW HITPOINT WARNING * * *
Found a metallic grey potion.
The hobgoblin attacks as it pursues you!
The hobgoblin hits you with a +0 rapier.
* * * LOW HITPOINT WARNING * * *
Okay, then.
Magic courses through your body. The hobgoblin misses you.
Casting: Sting (safe; 3% risk of failure)
Confirm with . or Enter, or press ? or * to list all spells.
Aiming: Sting (safe; 3% risk of failure)
Press: ? - help, Shift-Dir - straight line, f - hobgoblin
Aim: a hobgoblin, wielding a +0 rapier (74% to hit)
The sting hits the hobgoblin.
The hobgoblin is poisoned.
The hobgoblin is lightly wounded.
The hobgoblin barely misses you.
Unknown command.
Casting: Sting (safe; 3% risk of failure)
Confirm with . or Enter, or press ? or * to list all spells.
Aiming: Sting (safe; 3% risk of failure)
Press: ? - help, Shift-Dir - straight line, f/p - hobgoblin
Aim: a hobgoblin, wielding a +0 rapier (lightly wounded, poisoned, 74% to hit)
The sting misses the hobgoblin.
The hobgoblin hits you with a +0 rapier.
You die...

## ....... .###
#)...... ...#
####.))...... ##.####
#....#.......
##....#####)####.....
............####...
##..######..†..#.######
##..#......###........#
.......).....).g@.....#
....).#########.......#
###)#...### #.......#
.##)###...# ##......#
.##.# ###.### #..[...#
.##.#####...# #......#
............# .......#
..#.#.####### ......!#
....#.#


You could see a hobgoblin (poisoned).

Vanquished Creatures
  Jessica (D:2)
  Robin (D:2)
  An adder (D:2)
  A ribbon worm (D:2)
  5 dart slugs
  3 endoplasms (D:1)
  2 giant cockroaches (D:1)
  13 goblins
  6 hobgoblins
  A quokka (D:2)
  8 bats
  2 frilled lizards
  4 kobolds
  4 rats (D:1)
52 creatures vanquished.

Notes
Turn   | Place    | Note
-------+----------+-------------------------------------------
     0 | D:1      | samcosmo the Deep Elf Alchemist began the quest for the
                  | Orb.
     0 | D:1      | Reached XP level 1. HP: 10/10 MP: 6/6
   117 | D:1      | Reached XP level 2. HP: 16/16 MP: 5/8
   120 | D:1      | Learned a level 2 spell: Mercury Vapours
   728 | D:1      | Reached XP level 3. HP: 11/20 MP: 2/9
  1500 | D:2      | Reached skill level 1 in Fighting
  1711 | D:2      | Noticed Jessica
  1715 | D:2      | Noticed Robin
  1737 | D:2      | Killed Jessica
  1738 | D:2      | Reached XP level 4. HP: 22/25 MP: 2/11
  1836 | D:2      | Learned a level 3 spell: Mephitic Cloud
  1841 | D:2      | Learned a level 4 spell: Sticky Flame
  1944 | D:2      | Killed Robin
  1959 | D:2      | HP: 1/25 [hobgoblin/+0 rapier[Robin] (4)]
  1962 | D:2      | Slain by a hobgoblin

Illustrated notes

Levels and vault maps discovered:
D:1:      minmay_arrival_stair_chambers, layout_basic, minmay_tiny_reverse_x
D:2:      layout_rooms, uniq_robin, uniq_jessica

Skill      XL: |  1  2  3  4 |
---------------+-------------+-----
Alchemy        | 4 |  4.5
Fighting       | 1 |  1.3
Dodging        | 3 |  3.3
Spellcasting   | 4 |  4.0
Stealth        | |  2.4
Conjurations   | |  1.1

Action                     |  1- 3 |  4- 6 || total
---------------------------+-------+-------++-------
  Melee: Unarmed           |     9 |     5 ||    14
   Cast: Sting             |    77 |    17 ||    94
         Mercury Vapours   |     1 |       ||     1
         Mephitic Cloud    |       |     1 ||     1
    Use: Scroll            |     1 |       ||     1
         Potion            |       |     1 ||     1
 Armour: Robe              |    21 |    11 ||    32
  Dodge: Dodged            |    30 |     6 ||    36
